 Dungeon Crawl Stone Soup version 0.28-a0-691-gad6df49e81 (webtiles) character file.

Game seed: 11427141995627521776

2976 ytrimaz the Protected (level 10, -1/58 (71) HPs)
             Began as a Formicid Fighter on Oct 22, 2021.
             Was a Follower of Hepliaklqana.
             Slain by a wight (5 damage)
             ... on level 8 of the Dungeon.
             The game lasted 00:13:04 (7367 turns).

ytrimaz the Protected (Formicid Fighter)            Turns: 7367, Time: 00:13:05

HP:   -1/58 (71)    AC: 21    Str: 23    XL:     10   Next: 8%
MP:   10/10         EV:  7    Int:  9    God:    Hepliaklqana [*.....]
Gold: 465           SH:  4    Dex: 10    Spells: 9/9 levels left

rFire   . . .      SeeInvis +   w - +0 executioner's axe (freeze)
rCold   . . .      Faith    .   c - +0 buckler
rNeg    . . .      Spirit   .   n - +0 plate armour
rPois   +          Reflect  .   (helmet unavailable)
rElec   .          Harm     .   p - +2 cloak
rCorr   .          Rampage  .   (no gloves)
Will    +....                   (no boots)
Stlth   ..........              (no amulet)
HPRegen 0.19/turn               f - +4 ring of protection
MPRegen 0.12/turn               e - ring of poison resistance

@: mighty, heavily drained
A: reduced essence, permanent stasis, dig shafts and tunnels, antennae 3, four
strong arms
a: Dig, Shaft Self, Renounce Religion, Recall Ancestor, Ancestor Identity


You were on level 8 of the Dungeon.
You worshipped Hepliaklqana.
Hepliaklqana was aware of your devotion.
You visited 2 branches of the dungeon, and saw 9 of its levels.

You collected 465 gold pieces.

Inventory:

Hand Weapons
 a - a +2 war axe
 w - a +0 executioner's axe of freezing (weapon)
Armour
 c - a +0 buckler (worn)
 n - a +0 plate armour (worn)
 p - a +2 cloak (worn)
Jewellery
 e - a ring of poison resistance (right hand)
 f - a +4 ring of protection (left hand)
 i - a ring of flight
 l - a +4 ring of protection
 v - a ring of fire
Wands
 y - a wand of mindburst (12)
Scrolls
 b - 3 scrolls of holy word
 k - 2 scrolls of identify
 o - a scroll of silence
 q - 2 scrolls of fog
 s - a scroll of vulnerability
 t - a scroll of torment
Potions
 d - 3 potions of might
 g - 2 potions of ambrosia
 h - a potion of attraction
 j - 2 potions of lignification
 m - a potion of curing
 r - a potion of flight
 u - a potion of cancellation
 x - a potion of berserk rage {unknown}


   Skills:
 * Level 7.6 Fighting
 * Level 9.0 Axes
 * Level 9.1 Armour
 - Level 4.0 Shields
 + Level 0.3 Evocations


You had 9 spell levels left.
You didn't know any spells.
Your spell library contained the following spells:

 Spells                   Type           Power      Damage    Failure   Level
 Inner Flame              Hex/Fire       0%         N/A       100%        3
 Cause Fear               Hex            0%         N/A       100%        4
 Discord                  Hex            0%         N/A       100%        8


Dungeon Overview and Level Annotations

Branches:
Dungeon (8/15)             Temple (1/1) D:4
   Lair: D:8-11

Altars:
Ashenzari
Cheibriados
Dithmenos
Elyvilon
Fedhas
Gozag
Hepliaklqana
Kikubaaqudgha
Makhleb
Nemelex Xobeh
Okawaru
Qazlal
Ru
Sif Muna
Trog
Uskayaw
Vehumet
Xom
Yredelemnul
Zin
The Shining One

Shops:
D:4 ?


Innate Abilities, Weirdness & Mutations

Your life essence is reduced to manifest your ancestor. (-10% HP)
You cannot be hasted, slowed, berserked, paralysed or teleported.
You can dig through walls and to a lower floor.
You have a pair of large antennae on your head. (SInv)
Your four strong arms can wield two-handed weapons with a shield.


Message History

The wight hits you but does no damage. The wight hits you with a +4 battleaxe!
* * * LOW HITPOINT WARNING * * *
You feel drained.
* * * LOW HITPOINT WARNING * * *
You block the wight's attack.
Okay, then.
Okay, then.
Unknown command.
You slash the wight!
You destroy the wight!
You closely miss the wight. You hit the wight but do no damage.
You barely miss the wight. The wight hits you but does no damage.
The wight hits you with a +4 battleaxe.
* * * LOW HITPOINT WARNING * * *
The wight hits you with a +0 war axe.
* * * LOW HITPOINT WARNING * * *
The wight hits you with a +0 flail.
* * * LOW HITPOINT WARNING * * *
You feel drained. The wight barely misses you.
Unknown command.
You closely miss the wight.
The wight is heavily damaged.
You closely miss the wight. You hit the wight. You block the wight's attack.
The wight closely misses you. The wight hits you with a +4 battleaxe!
* * * LOW HITPOINT WARNING * * *
You feel drained.
* * * LOW HITPOINT WARNING * * *
The wight hits you but does no damage.
Unknown command.
Unknown command.
You feel better. The wight hits you but does no damage.
The wight hits you with a +4 battleaxe.
* * * LOW HITPOINT WARNING * * *
You feel drained. You block the wight's attack.
You feel better. The wight hits you with a +0 flail!
* * * LOW HITPOINT WARNING * * *
You feel drained.
* * * LOW HITPOINT WARNING * * *
The wight hits you with a +4 battleaxe.
You die...

..........# .
##......... .
##......... # .
##.........# .#
...........##.##
....#.......#.#
#.z........#
##.)@))..# ##..
##..zz..### ###.....
##......##
..................#
..#........#####..##
#....... ..# ##..#
......# ..# ##.###
....# #.# ###..#
...## #.# ###...##


You could see 3 wights.

Vanquished Creatures
  A centaur zombie (D:7)
  Psyche (D:8)
  Sigmund (D:6)
  2 water moccasins
  A sky beast (D:5)
  2 ogres
  3 centaurs
  Blork the orc (D:4)
  A bullfrog (D:5)
  A wyvern skeleton (D:7)
  A water moccasin skeleton (D:5)
  6 killer bees
  6 wights (D:8)
  3 howler monkeys
  3 orc priests
  2 bullfrog skeletons
  A gnoll shaman (D:8)
  3 iguanas
  6 orc wizards
  A hound skeleton (D:3)
  Robin (D:2)
  3 gnolls (D:8)
  3 adders
  A white imp (D:6)
  3 ufetubi
  A worm (D:3)
  2 dart slugs (D:3)
  18 orcs
  5 ball pythons
  6 endoplasms
  5 giant cockroaches
  12 goblins
  5 hobgoblins
  3 jackals (D:1)
  3 kobolds (D:1)
  4 quokkas
  9 bats
  2 frilled lizards
  3 rats
135 creatures vanquished.

Vanquished Creatures (collateral kills)
  2 orc wizards (D:8)
  2 orcs (D:8)
4 creatures vanquished.

Vanquished Creatures (others)
  3 ancestors (D:8)
  30 plants
33 creatures vanquished.

Grand Total: 172 creatures vanquished

Notes
Turn   | Place    | Note
-------+----------+-------------------------------------------
     0 | D:1      | ytrimaz the Formicid Fighter began the quest for the Orb.
     0 | D:1      | Reached XP level 1. HP: 18/18 MP: 1/1
   157 | D:1      | Reached XP level 2. HP: 21/24 MP: 2/2
   596 | D:1      | Reached XP level 3. HP: 26/29 MP: 3/3
   898 | D:2      | Found a faded altar of an unknown god.
  1239 | D:2      | Found a shimmering altar of Xom.
  1252 | D:2      | Noticed Robin
  1263 | D:2      | Killed Robin
  1264 | D:2      | Reached XP level 4. HP: 34/35 MP: 4/4
  1917 | D:3      | Reached XP level 5. HP: 42/42 MP: 5/5
  2366 | D:4      | Noticed a centaur
  2375 | D:4      | Killed a centaur
  2376 | D:4      | Reached skill level 5 in Armour
  2376 | D:4      | Reached XP level 6. HP: 44/48 MP: 6/6
  2526 | D:4      | Noticed Blork the orc
  2541 | D:4      | Killed Blork the orc
  2542 | D:4      | Reached XP level 7. HP: 39/55 MP: 7/7
  2629 | D:4      | Found a staircase to the Ecumenical Temple.
  2653 | D:4      | Found Hoturut's Magic Scroll Emporium.
  2672 | D:4      | Found a radiant altar of Vehumet.
  2895 | Temple   | Entered the Ecumenical Temple
  3251 | D:5      | Entered Level 5 of the Dungeon
  3263 | D:5      | Found a sparkling altar of Nemelex Xobeh.
  3360 | D:5      | Reached skill level 5 in Axes
  4277 | D:6      | Found an opulent altar of Gozag.
  4924 | D:5      | Reached skill level 5 in Fighting
  4924 | D:5      | Reached XP level 8. HP: 42/62 MP: 8/8
  5599 | D:6      | Noticed Sigmund
  5613 | D:6      | Killed Sigmund
  5663 | D:6      | Reached XP level 9. HP: 69/69 MP: 9/9
  5797 | D:6      | Found a sacrificial altar of Ru.
  5865 | D:6      | Found a hazy altar of Hepliaklqana.
  5866 | D:6      | Found an iron altar of Okawaru.
  5868 | D:6      | Found a snail-covered altar of Cheibriados.
  5877 | D:6      | Became a worshipper of Hepliaklqana the Forgotten
  6089 | D:7      | Found a stormy altar of Qazlal.
  6154 | D:7      | Found a shimmering altar of Xom.
  6483 | D:7      | Identified a scroll of acquirement
  6485 | D:7      | Acquired a +0 executioner's axe of freezing
  6526 | D:7      | Found a burning altar of Makhleb.
  6701 | D:7      | Reached * piety under Hepliaklqana
  6788 | D:8      | Noticed Psyche
  7020 | D:8      | Killed Psyche
  7108 | D:8      | Noticed a four-headed hydra
  7346 | D:8      | Reached XP level 10. HP: 61/68 MP: 10/10
  7365 | D:8      | HP: 3/63 [wight (8)]
  7367 | D:8      | Slain by a wight

Illustrated notes

Levels and vault maps discovered:
D:1:      minmay_arrival_nine_rooms, layout_basic
D:2:      layout_loops_corners, ebering_ecumenical_altar_sacrificial,
          basic_altar, uniq_robin
D:3:      layout_rooms
D:4:      layout_gridville, lemuel_doored_altar, temple_pool_b, serial_shops,
          shop, uniq_blork_the_orc
D:5:      layout_gridville, nemelex_diamond_rough_becter,
          hangedman_decor_points, minmay_splitting_lines
D:6:      layout_loops_ring, mainiacjoe_overflow_catwalk,
          mainiacjoe_overflow_boulevard, minitemple, serial_bayou,
          serial_bayou_pond_c, serial_bayou_pond_d, serial_bayou_crossing,
          serial_bayou_shore_b, uniq_sigmund
D:7:      layout_gridville, brannock_xom_greatest_gift,
          mainiacjoe_overflow_paths, mainiacjoe_overflow_cross_hatched
D:8:      layout_layer_cave, lemuel_coloured_pillars_altar, lair_entry_dummy,
          minmay_statues_item, kennysheep_generic_room_14, uniq_psyche
Temple:   minmay_temple_curvy_loop

Skill      XL: |  1  2  3  4  5  6  7  8  9 10 |
---------------+-------------------------------+-----
Shields        | 4 |  4.0
Axes           | 3 4 5 6 8 9 |  9.0
Armour         | 4 5 6 7 9 |  9.1
Fighting       | 4 5 6 7 |  7.6
Evocations     | |  0.3

Action                   |  1- 3 |  4- 6 |  7- 9 | 10-12 || total
-------------------------+-------+-------+-------+-------++-------
Melee: War axe           |    85 |   145 |   212 |       ||   442
       Executioner's axe |       |       |    33 |    15 ||    48
Invok: Ancestor Identity |       |       |     1 |       ||     1
 Abil: Dig               |       |     1 |     4 |       ||     5
Evoke: Wand              |       |       |     6 |       ||     6
  Use: Scroll            |     1 |    10 |    11 |       ||    22
       Potion            |       |       |     4 |     3 ||     7
Armor: Scale mail        |    46 |       |       |       ||    46
       Chain mail        |    22 |       |       |       ||    22
       Plate armour      |    16 |   127 |   280 |    13 ||   436
Dodge: Dodged            |    47 |    45 |   123 |     9 ||   224
Block: Buckler           |    31 |    36 |    90 |     9 ||   166

Table legend: (Time is in decaauts)
 A = Elapsed time spent in this place.
 B = Non-inter-level travel time spent in this place.
 C = Inter-level travel time spent in this place.
 D = Time resting spent in this place.
 E = Time spent auto-exploring this place.
 F = Levels seen in this place.
 G = Mean time per level.
                   A        B        C        D        E       F      G
               +--------+--------+--------+--------+--------+-----+--------+
         Total |   7508 |   7122 |    386 |   1658 |   3662 |   9 |  834.2 |
       Dungeon |   7288 |   6925 |    363 |   1658 |   3470 |   8 |  911.0 |
        Temple |    219 |    196 |     23 |      0 |    192 |   1 |  219.0 |
               +--------+--------+--------+--------+--------+-----+--------+

Top non-repeatable levels by time:
     D:5: 2144 daAuts
     D:7: 1021 daAuts
     D:2: 926 daAuts
     D:1: 795 daAuts
     D:4: 729 daAuts
     D:6: 667 daAuts
     D:3: 657 daAuts
     D:8: 347 daAuts
  Temple: 219 daAuts
